 Dungeon Sprint DCSS version 0.21.0-3-g78d12a8bdd (webtiles) character file.

330339 Quolop the Minotaur Barricade (level 19, -1/207 HPs)
             Began as a Minotaur Fighter on Jan 11, 2018.
             Was the Champion of Okawaru.
             Killed from afar by an orb of fire (17 damage)
             ... with a bolt of fire
             ... in the Dungeon (Sprint IX: "|||||||||||||||||||||||||||||").
             The game lasted 00:31:47 (11114 turns).

Quolop the Minotaur Barricade (Minotaur Fighter)   Turns: 11114, Time: 00:31:48

Health: -1/207     AC: 41    Str: 30    XL:     19   Next: 50%
Magic:  1/31       EV: 16    Int: 12    God:    Okawaru [******]
Gold:   1367       SH: 27    Dex:  9    Spells: 44/44 levels left

rFire    + + .     SeeInvis .   w - +8 eudemon blade (holy)
rCold    + . .     Gourm    .   t - +0 large shield
rNeg     . . .     Faith    .   y - +3 crystal plate armour
rPois    +         Spirit   .   M - +0 hat {Int+3}
rElec    +         Reflect  .   c - scarf {cloud immunity}
rCorr    +         Harm     .   z - +0 pair of gloves
MR       ++...     NoTele   +   Y - +0 pair of boots "Fobeipun" {Slay+3}
Stlth    ..........             Q - amulet of regeneration
HPRegen  0.84/turn              x - ring of the Messenger {rF+ Str+2 Dex-2 Slay+2}
MPRegen  0.22/turn              u - ring of Xyrghaysh {MR+ AC+3 Int+6}

@: resistant, finesse, hasted, very quick
A: retaliatory headbutt, horns 2, dopey 1, low mp 1, screaming 1
}: 5/15 runes: decaying, serpentine, barnacled, silver, gossamer
a: Heroism, Finesse, Renounce Religion


You were in the Dungeon.
You worshipped Okawaru.
Okawaru was exalted by your worship.
You were not hungry.

You visited 1 branch You collected 1927 gold pieces.
You spent 560 gold pieces at shops.

Inventory:

Hand Weapons
 a - a +0 long sword
 g - the +3 falchion of False Accusations {elec, *Noise Str+5 Dex+3}
   (Okawaru gifted it to you in the Dungeon)

   Occasionally, upon striking a foe, it will discharge some electrical energy
   and cause terrible harm.
   It affects your strength (+5).
   It affects your dexterity (+3).
   It may make noises in combat.
 p - a +2 scimitar of flaming
 r - the +3 falchion of Louvvisaca {pain, Str+2 Int+4}
   (Okawaru gifted it to you in the Dungeon)

   In the hands of one skilled in necromantic magic, it inflicts extra damage on
   living creatures.
   It affects your strength (+2).
   It affects your intelligence (+4).
 s - a +8 double sword
 w - a +8 eudemon blade of holy wrath (weapon)
 F - a +1 demon blade
 X - the +5 double sword "Keinurer" {slice, rF++ Str+4}
   (You found it in the Dungeon)

   It inflicts extra damage upon your enemies.
   It affects your strength (+4).
   It greatly protects you from fire.
Armour
 c - a scarf of cloud immunity (worn)
 t - a +0 large shield (worn)
 y - a +3 crystal plate armour (worn)
 z - a +0 pair of gloves (worn)
 M - a +0 hat of intelligence (worn)
 S - a +2 pair of boots of flying
 T - a +2 cloak of poison resistance
 Y - the +0 pair of boots "Fobeipun" (worn) {Slay+3}
   (You found it in the Dungeon)

   It affects your accuracy and damage with ranged weapons and melee attacks
   (+3).
Jewellery
 u - the ring of Xyrghaysh (right hand) {MR+ AC+3 Int+6}
   (You found it in the Dungeon)

   [ring of protection]

   It affects your AC (+3).
   It affects your intelligence (+6).
   It affects your resistance to hostile enchantments.
 x - the ring of the Messenger (left hand) {rF+ Str+2 Dex-2 Slay+2}
   (You found it in the Dungeon)

   [ring of slaying]

   It affects your strength (+2).
   It affects your dexterity (-2).
   It affects your accuracy and damage with ranged weapons and melee attacks
   (+2).
   It protects you from fire.
 E - an uncursed ring of protection from fire
 L - the ring "Vuqiret" {Str+4 Dex+2}
   (You found it in the Dungeon)

   [ring of dexterity]

   It affects your strength (+4).
   It affects your dexterity (+2).
 Q - an amulet of regeneration (around neck)
 U - the amulet of Sirox {+Rage rC++ Int+6}
   (You found it in the Dungeon)

   [amulet of rage]

   It affects your intelligence (+6).
   It greatly protects you from cold.
   It lets you go berserk.
 V - the ring "Hunlinif" {*Contam Str+7 SInv Stlth+}
   (You found it in the Dungeon)

   [ring of see invisible]

   It affects your strength (+7).
   It lets you see invisible.
   It causes magical contamination when unequipped.
   It makes you more stealthy.
 W - the ring "Rosarumar" {rF+ Int+7 Stlth+}
   (You found it in the Dungeon)

   [ring of protection from fire]

   It affects your intelligence (+7).
   It protects you from fire.
   It makes you more stealthy.
Wands
 o - a wand of acid (10)
 G - a wand of flame (22)
Scrolls
 k - 4 scrolls of blinking
 m - 8 scrolls of remove curse
 v - 3 scrolls of identify
 I - 5 scrolls of fog
 J - 3 scrolls of fear
Potions
 b - 2 potions of berserk rage
 d - 5 potions of might
 e - a potion of curing
 h - 7 potions of haste
 i - 5 potions of magic
 j - a potion of degeneration {unknown}
 l - a potion of invisibility
 n - a potion of mutation {unknown}
 q - 4 potions of agility
 A - 2 potions of brilliance
 H - a potion of resistance
Comestibles
 f - 8 rations


   Skills:
 O Level 27 Fighting
 - Level 18.7 Long Blades
 + Level 18.6 Throwing
 O Level 27 Armour
 + Level 20.6 Dodging
 + Level 17.3 Stealth
 O Level 27 Shields
 + Level 19.9 Unarmed Combat
 + Level 13.4 Spellcasting
 O Level 27 Invocations
 + Level 16.8 Evocations


You had 44 spell levels left.
You didn't know any spells.

Dungeon Overview and Level Annotations

Branches:
Dungeon (1/1)

Altars:
Cheibriados
Dithmenos
Elyvilon
Fedhas
Gozag
Hepliaklqana
Kikubaaqudgha
Makhleb
Nemelex Xobeh
Okawaru
Qazlal
Ru
Sif Muna
Trog
Uskayaw
Vehumet
Wu Jian
Xom
Yredelemnul
Zin
The Shining One
Beogh
Jiyva
Lugonu

Shops:
D *=}%


Innate Abilities, Weirdness & Mutations

You reflexively headbutt those who attack you in melee.
You have a pair of horns on your head.
You are dopey. (Int -2)
Your magical capacity is low. (-10% MP)
You occasionally shout uncontrollably at your foes.


Message History

You feel your power leaking away.
You slice the orb of fire!!
The orb of fire is almost destroyed.
The orb of fire emits a lurid red light.
Strange energies course through your body.
You feel the urge to shout.
You hit the orb of fire.
The orb of fire is almost destroyed.
You closely miss the orb of fire.
The orb of fire is almost destroyed.
You feel you are being watched by something.
You feel your power leaking away.
The Killer Klown blinks!
You barely miss the orb of fire.
The orb of fire is almost destroyed.
You slash the orb of fire!
The orb of fire is almost destroyed.
The orb of fire emits a lurid red light.
The bolt of fire hits you! You resist.
You die...

▓▓▓▓▓▓▓▓▓▓▓▓▓▓▓▓▓▓▓▓▓▓▓▓
†.......'§'['.†.@*XD{{{y
▓▓▓▓▓▓▓▓▓▓▓▓▓▓▓▓▓▓▓▓▓▓▓▓▓▓▓▓▓▓▓▓▓
.................................
▓▓▓▓▓▓▓▓▓▓▓▓▓▓▓▓▓▓▓▓▓▓▓▓▓▓▓▓▓▓▓▓▓
.....'.)))§..†)......('[).[.)[).'
▓▓▓▓▓▓▓▓▓▓▓▓▓▓▓▓▓▓▓▓▓▓▓▓▓▓▓▓▓▓▓▓▓
......[)............)))).).......
▓▓▓▓▓▓▓▓▓▓▓▓▓▓▓▓▓▓▓▓▓▓▓▓▓▓▓▓▓▓▓▓▓
))))))...[[[[[.[..............=..


You could see an orb of fire, a shadow dragon (berserk), an Orb Guardian
(berserk) and a moth of wrath.

Vanquished Creatures
  2 orbs of fire (D)
  2 ancient liches (D)
  Sojobo (D)
  Mennas (D)
  Boris (D)
  Xtahua (D)
  Margery (D)
  Frederick (D)
  A bone dragon (D)
  3 golden dragons (D)
  3 electric golems (D)
  2 tentacled monstrosities (D)
  14 Orb Guardians (D)
  2 liches (D)
  A quicksilver dragon (D)
  4 death cobs (D)
  Agnes (D)
  Gastronok (D)
  Ilsuiw (D)
  5 storm dragons (D)
  Donald (D)
  2 draconian monks (D)
  6 shadow dragons (D)
  2 tengu reavers (D)
  6 nagarajas (D)
  A draconian knight (D)
  3 ghost moths (D)
  3 draconian scorchers (D)
  5 frost giants (D)
  2 vault wardens (D)
  7 emperor scorpions (D)
  4 very ugly things (D)
  2 draconian stormcallers (D)
  2 ironheart preservers (D)
  An entropy weaver (D)
  A vampire knight (D)
  3 stone giants (D)
  2 white draconians (D)
  4 green draconians (D)
  A dire elephant (D)
  3 purple draconians (D)
  3 red draconians (D)
  5 yellow draconians (D)
  5 ettins (D)
  3 merfolk javelineers (D)
  6 merfolk impalers (D)
  A great orb of eyes (D)
  4 fire dragons (D)
  3 yaktaur captains (D)
  6 hydras (D)
  25 vault guards (D)
  8 ice dragons (D)
  A spriggan air mage (D)
  A ghost crab (D)
  2 naga warriors (D)
  A death knight (D)
  3 merfolk aquamancers (D)
  An alligator (D)
  4 deep troll shamans (D)
  2 centaur warriors (D)
  5 two-headed ogres (D)
  7 ogre magi (D)
  2 tengu warriors (D)
  A vampire mage (D)
  An orc high priest (D)
  A deep troll earth mage (D)
  A death yak (D)
  5 hell knights (D)
  2 naga sharpshooters (D)
  2 deep elf knights (D)
  A shadow wraith (D)
  An unseen horror (D)
  7 swamp dragons (D)
  A glowing orange brain (shapeshifter) (D)
  A sea snake (shapeshifter) (D)
  7 orc knights (D)
  3 ironbrand convokers (D)
  A mana viper (shapeshifter) (D)
  An ugly thing (D)
  3 wolf spiders (D)
  A manticore (D)
  An oklob plant (D)
  A salamander (D)
  5 moths of wrath (D)
  7 elephants (D)
  A cyclops (D)
  3 guardian serpents (D)
  4 water nymphs (D)
  A naga mage (D)
  3 vault sentinels (D)
  2 black mambas (D)
  2 spiny frogs (D)
  A gargoyle (D)
  4 yaktaurs (D)
  2 freezing wraiths (D)
  2 komodo dragons (D)
  2 demonic crawlers (D)
  A tyrant leech (D)
  A jumping spider (D)
  2 merfolk (D)
  A slime creature (D)
  3 hornets (D)
  A snapping turtle (D)
  A blink frog (shapeshifter) (D)
  3 bog bodies (D)
  4 redbacks (D)
  A water elemental (D)
  2 yaks (D)
  A vampire (D)
  A tarantella (D)
  A wyvern (D)
  A vampire mosquito (D)
  5 nagas (D)
  An insubstantial wisp (D)
  2 water moccasins (D)
  A sky beast (D)
  3 porcupines (D)
  4 orc warriors (D)
  5 ogres (D)
  A centaur (D)
  3 crocodiles (D)
  A big kobold (D)
  2 bullfrogs (D)
  A howler monkey (D)
  6 orc priests (D)
  4 orc wizards (D)
  A worker ant (D)
  A gnoll (D)
  5 adders (D)
  A worm (shapeshifter) (D)
  An adder simulacrum (D)
  6 orcs (D)
  A goblin (D)
  A bat (D)
  2 frilled lizards (D)
  A giant cockroach zombie (D)
  A quokka simulacrum (D)
  A rat (D)
373 creatures vanquished.

Vanquished Creatures (others)
  An alligator (D)
  A swamp drake (D)
2 creatures vanquished.

Grand Total: 375 creatures vanquished

Notes
Turn   | Place    | Note
-------+----------+-------------------------------------------
     0 | D        | Quolop the Minotaur Fighter began the quest for the Orb.
     0 | D        | Reached XP level 1. HP: 19/19 MP: 0/0
    14 | D        | Reached XP level 2. HP: 28/28 MP: 1/1
    25 | D        | Reached skill level 5 in Fighting
    25 | D        | Reached skill level 5 in Armour
    25 | D        | Reached skill level 5 in Shields
    25 | D        | Reached XP level 3. HP: 36/36 MP: 2/2
    56 | D        | Found a roughly hewn altar of Beogh.
    56 | D        | Found a snail-covered altar of Cheibriados.
    56 | D        | Found a shadowy altar of Dithmenos.
    56 | D        | Found a white marble altar of Elyvilon.
    56 | D        | Found a blossoming altar of Fedhas.
    56 | D        | Found an opulent altar of Gozag.
    57 | D        | Found a hazy altar of Hepliaklqana.
    58 | D        | Found a viscous altar of Jiyva.
    59 | D        | Found an ancient bone altar of Kikubaaqudgha.
    60 | D        | Found a corrupted altar of Lugonu.
    61 | D        | Found a burning altar of Makhleb.
    62 | D        | Found a sparkling altar of Nemelex Xobeh.
    63 | D        | Found an iron altar of Okawaru.
    64 | D        | Found a stormy altar of Qazlal.
    65 | D        | Found a sacrificial altar of Ru.
    66 | D        | Found a deep blue altar of Sif Muna.
    67 | D        | Found a bloodstained altar of Trog.
    68 | D        | Found a hide-covered altar of Uskayaw.
    69 | D        | Found a radiant altar of Vehumet.
    70 | D        | Found an ornate altar of the Wu Jian Council.
    71 | D        | Became a worshipper of Warmaster Okawaru
    72 | D        | Found a shimmering altar of Xom.
    73 | D        | Found a basalt altar of Yredelemnul.
    74 | D        | Found a glowing silver altar of Zin.
    75 | D        | Found a glowing golden altar of the Shining One.
   126 | D        | Noticed an ogre
   126 | D        | Noticed a big kobold
   126 | D        | Noticed a centaur
   132 | D        | Killed an ogre
   132 | D        | Reached skill level 5 in Long Blades
   132 | D        | Reached skill level 1 in Dodging
   132 | D        | Reached XP level 4. HP: 46/47 MP: 3/3
   132 | D        | Reached XP level 5. HP: 51/52 MP: 4/4
   141 | D        | Reached * piety under Okawaru
   146 | D        | Killed a centaur
   146 | D        | Reached XP level 6. HP: 61/62 MP: 5/5
   153 | D        | Noticed a cyclops
   153 | D        | Noticed a two-headed ogre
   153 | D        | Noticed a slime creature
   153 | D        | Noticed a white ugly thing
   161 | D        | Killed a cyclops
   161 | D        | Reached ** piety under Okawaru
   161 | D        | Reached skill level 10 in Shields
   161 | D        | Reached XP level 7. HP: 43/71 MP: 6/6
   169 | D        | Killed a two-headed ogre
   169 | D        | Reached *** piety under Okawaru
   169 | D        | Reached **** piety under Okawaru
   169 | D        | Reached skill level 10 in Fighting
   169 | D        | Reached skill level 10 in Long Blades
   169 | D        | Reached skill level 10 in Armour
   169 | D        | Reached XP level 8. HP: 39/81 MP: 7/7
   175 | D        | Killed a slime creature
   175 | D        | Reached skill level 5 in Dodging
   182 | D        | Killed a white ugly thing
   182 | D        | Reached ***** piety under Okawaru
   471 | D        | Noticed a spiny frog
   471 | D        | Noticed a komodo dragon
   473 | D        | Received a gift from Okawaru
   473 | D        | Reached XP level 9. HP: 86/89 MP: 8/8
   477 | D        | Killed a spiny frog
   479 | D        | Noticed a komodo dragon
   483 | D        | Killed a komodo dragon
   497 | D        | Killed a komodo dragon
   788 | D        | Noticed a spiny frog
   788 | D        | Noticed a death yak
   799 | D        | Killed a spiny frog
   807 | D        | Killed a death yak
   807 | D        | Reached skill level 15 in Long Blades
   807 | D        | Reached XP level 10. HP: 85/100 MP: 9/9
   824 | D        | Noticed an oklob plant
   982 | D        | Killed an oklob plant
  1157 | D        | Noticed an elephant
  1157 | D        | Noticed an elephant
  1157 | D        | Noticed an elephant
  1157 | D        | Noticed an elephant
  1157 | D        | Noticed an elephant
  1157 | D        | Noticed a dire elephant
  1162 | D        | Killed an elephant
  1169 | D        | Killed an elephant
  1181 | D        | Killed a dire elephant
  1181 | D        | Received a gift from Okawaru
  1190 | D        | Killed an elephant
  1190 | D        | Reached ****** piety under Okawaru
  1194 | D        | Killed an elephant
  1197 | D        | Noticed an elephant
  1199 | D        | Killed an elephant
  1199 | D        | Reached skill level 15 in Shields
  1199 | D        | Reached XP level 11. HP: 47/110 MP: 10/10
  1612 | D        | Noticed an orc knight
  1612 | D        | Noticed an orc high priest
  1612 | D        | Noticed an orc knight
  1624 | D        | Killed an orc knight
  1625 | D        | Noticed an orc knight
  1630 | D        | Killed an orc high priest
  1631 | D        | Noticed an orc knight
  1643 | D        | Killed an orc knight
  1643 | D        | Reached skill level 15 in Fighting
  1649 | D        | Noticed an orc knight
  1660 | D        | Killed an orc knight
  1683 | D        | Killed an orc knight
  1691 | D        | Killed an orc knight
  1691 | D        | Reached skill level 15 in Armour
  2072 | D        | Found Jebou's Assorted Antiques.
  2072 | D        | Noticed an ogre mage
  2072 | D        | Noticed a two-headed ogre
  2072 | D        | Noticed an ogre mage
  2072 | D        | Noticed an ogre mage
  2073 | D        | Noticed a two-headed ogre
  2074 | D        | Killed an ogre mage
  2074 | D        | Received a gift from Okawaru
  2074 | D        | Reached skill level 1 in Invocations
  2077 | D        | Killed a two-headed ogre
  2078 | D        | Found Axtucwir's Jewellery Shoppe.
  2079 | D        | Noticed a two-headed ogre
  2084 | D        | Killed an ogre mage
  2091 | D        | Killed an ogre mage
  2094 | D        | Killed a two-headed ogre
  2097 | D        | Killed a two-headed ogre
  2097 | D        | Reached skill level 5 in Invocations
  2097 | D        | Reached XP level 12. HP: 110/124 MP: 12/14
  2104 | D        | Found Ohunwiad's Gadget Emporium.
  2108 | D        | Found Cufromp's Food Shoppe.
  2110 | D        | Noticed an ogre mage
  2113 | D        | Noticed an ogre mage
  2114 | D        | Noticed a two-headed ogre
  2119 | D        | Killed an ogre mage
  2119 | D        | Received a gift from Okawaru
  2124 | D        | Killed an ogre mage
  2128 | D        | Killed a two-headed ogre
  2306 | D        | Bought an uncursed amulet of faith for 560 gold pieces
  2536 | D        | Noticed an ogre mage
  2542 | D        | Noticed an ettin
  2548 | D        | Noticed an ettin
  2557 | D        | Killed an ogre mage
  2570 | D        | Killed an ettin
  2577 | D        | Killed an ettin
  2579 | D        | HP: 4/125 [something (6)]
  2580 | D        | HP: 1/125 [something (3)]
  2990 | D        | Noticed a deep troll shaman
  2991 | D        | Noticed a purple very ugly thing
  2992 | D        | Noticed a fire dragon
  3014 | D        | Killed a purple very ugly thing
  3020 | D        | Killed a deep troll shaman
  3042 | D        | Killed a fire dragon
  3042 | D        | Received a gift from Okawaru
  3408 | D        | Noticed an emperor scorpion
  3446 | D        | Killed a ghost moth
  3450 | D        | Reached XP level 13. HP: 55/134 MP: 0/18
  3475 | D        | Killed an emperor scorpion
  3867 | D        | Noticed a nagaraja
  3880 | D        | Killed a nagaraja
  4253 | D        | Reached skill level 10 in Invocations
  4382 | D        | Noticed a merfolk javelineer
  4404 | D        | Killed a merfolk javelineer
  4404 | D        | Received a gift from Okawaru
  4699 | D        | Noticed Agnes
  4701 | D        | Noticed Gastronok
  4732 | D        | Killed Agnes
  4742 | D        | Killed Gastronok
  4856 | D        | Noticed Donald
  4884 | D        | Killed Donald
  5271 | D        | Noticed a frost giant
  5271 | D        | Noticed a frost giant
  5271 | D        | Noticed a fire dragon
  5272 | D        | Noticed a vampire knight
  5279 | D        | Noticed an ettin
  5289 | D        | Killed a frost giant
  5289 | D        | Received a gift from Okawaru
  5294 | D        | Killed a frost giant
  5302 | D        | Killed a vampire knight
  5302 | D        | Reached XP level 14. HP: 71/148 MP: 21/21
  5324 | D        | Noticed a frost giant
  5326 | D        | Noticed a stone giant
  5348 | D        | Noticed a stone giant
  5361 | D        | Killed a frost giant
  5370 | D        | Killed a stone giant
  5390 | D        | Killed a stone giant
  5747 | D        | Noticed a frost giant
  5759 | D        | Killed a frost giant
  6015 | D        | Noticed a red very ugly thing
  6025 | D        | Killed a red very ugly thing
  6030 | D        | Received a gift from Okawaru
  6052 | D        | Noticed an ironheart preserver
  6054 | D        | Noticed an entropy weaver
  6062 | D        | Noticed a vault warden
  6082 | D        | Noticed a vault warden
  6114 | D        | Killed an ironheart preserver
  6134 | D        | Killed an entropy weaver
  6144 | D        | Killed a vault warden
  6196 | D        | Killed a vault warden
  6619 | D        | Noticed a tengu reaver
  6620 | D        | Noticed a tengu reaver
  6621 | D        | Noticed Sojobo
  6638 | D        | Killed a tengu reaver
  6660 | D        | Killed a tengu reaver
  6698 | D        | Killed Sojobo
  6698 | D        | Received a gift from Okawaru
  6698 | D        | Reached XP level 15. HP: 47/163 MP: 21/24
  6701 | D        | Got a pitted falchion {god gift}
  6714 | D        | Identified the +3 falchion of False Accusations {elec, *Noise Str+5 Dex+3} (Okawaru gifted it to you in the Dungeon)
  7288 | D        | Killed a ghost moth
  7362 | D        | Reached skill level 15 in Invocations
  7389 | D        | Killed a ghost moth
  7389 | D        | Received a gift from Okawaru
  7413 | D        | Got a gossamer rune of Zot
  7416 | D        | Got a brightly glowing falchion {god gift}
  7417 | D        | Identified the +3 falchion of Louvvisaca {pain, Str+2 Int+4} (Okawaru gifted it to you in the Dungeon)
  7651 | D        | Got a decaying rune of Zot
  7733 | D        | Noticed Ilsuiw
  7809 | D        | Killed Ilsuiw
  7809 | D        | Received a gift from Okawaru
  7838 | D        | Reached skill level 27 in Shields
  7854 | D        | Reached skill level 27 in Armour
  7870 | D        | Noticed a nagaraja
  7871 | D        | Noticed a nagaraja
  7872 | D        | Noticed a nagaraja
  7874 | D        | Noticed a nagaraja
  7881 | D        | Killed a nagaraja
  7890 | D        | Killed a nagaraja
  7897 | D        | Killed a nagaraja
  7897 | D        | Received a gift from Okawaru
  7897 | D        | Reached XP level 16. HP: 59/178 MP: 27/27
  7955 | D        | Got a serpentine rune of Zot
  8144 | D        | Got a barnacled rune of Zot
  8165 | D        | Noticed Frederick
  8180 | D        | Killed Frederick
  8357 | D        | Noticed Boris
  8380 | D        | Killed Boris
  8533 | D        | Reached skill level 27 in Fighting
  8736 | D        | Received a gift from Okawaru
  8759 | D        | Noticed a lich
  8773 | D        | Noticed a shadow dragon
  8775 | D        | Noticed a shadow dragon
  8782 | D        | Killed a lich
  8791 | D        | Killed a shadow dragon
  8813 | D        | Killed a shadow dragon
  8836 | D        | Reached XP level 17. HP: 113/191 MP: 33/33
  8874 | D        | Noticed a quicksilver dragon
  8891 | D        | Noticed a lich
  8908 | D        | Received a gift from Okawaru
  8908 | D        | Reached skill level 27 in Invocations
  8912 | D        | Noticed a Hell Sentinel
  8914 | D        | Reached skill level 1 in Throwing
  8914 | D        | Reached skill level 1 in Stealth
  8914 | D        | Reached skill level 1 in Spellcasting
  8914 | D        | Reached skill level 1 in Evocations
  8918 | D        | Killed a quicksilver dragon
  8937 | D        | Noticed an Ice Fiend
  8942 | D        | HP: 8/191 [Ice Fiend[a lich] (51)]
  8949 | D        | Killed a lich
  8954 | D        | Got a silver rune of Zot
  8959 | D        | Got a translucent silver ring
  8971 | D        | Identified the ring "Vuqiret" {Str+4 Dex+2} (You found it in the Dungeon)
  9208 | D        | Noticed Xtahua
  9216 | D        | Paralysed by Xtahua for 3 turns
  9224 | D        | Killed Xtahua
  9224 | D        | Reached skill level 5 in Unarmed Combat
  9319 | D        | Got the ring of Xyrghaysh {MR+ AC+3 Int+6}
  9321 | D        | Got the ring of the Messenger {rF+ Str+2 Dex-2 Slay+2}
  9323 | D        | Got the amulet of Sirox {+Rage rC++ Int+6}
  9325 | D        | Got the ring "Hunlinif" {*Contam Str+7 SInv Stlth+}
  9327 | D        | Got the ring "Rosarumar" {rF+ Int+7 Stlth+}
  9333 | D        | Got the +5 double sword "Keinurer" {slice, rF++ Str+4}
  9350 | D        | Got the +0 pair of boots "Fobeipun" {Slay+3}
  9478 | D        | Noticed Margery
  9482 | D        | Reached skill level 5 in Throwing
  9492 | D        | Killed Margery
  9492 | D        | Reached skill level 5 in Stealth
  9492 | D        | Reached skill level 5 in Evocations
  9525 | D        | Noticed Mennas
  9558 | D        | Killed Mennas
  9558 | D        | Received a gift from Okawaru
  9558 | D        | Reached skill level 10 in Dodging
  9558 | D        | Reached skill level 5 in Spellcasting
  9656 | D        | Noticed a bone dragon
  9665 | D        | Reached skill level 10 in Unarmed Combat
  9686 | D        | Killed a bone dragon
  9694 | D        | Received a gift from Okawaru
  9694 | D        | Reached skill level 10 in Throwing
  9836 | D        | Noticed a tentacled monstrosity
  9848 | D        | Killed a tentacled monstrosity
  9848 | D        | Reached skill level 10 in Stealth
  9853 | D        | Reached skill level 10 in Evocations
  9930 | D        | Noticed a golden dragon
  9933 | D        | Reached XP level 18. HP: 200/200 MP: 28/34
  9965 | D        | Killed a golden dragon
  9989 | D        | Received a gift from Okawaru
 10019 | D        | Reached skill level 15 in Dodging
 10076 | D        | Received a gift from Okawaru
 10209 | D        | Noticed an electric golem
 10209 | D        | Noticed a golden dragon
 10238 | D        | Killed a golden dragon
 10244 | D        | Reached skill level 15 in Unarmed Combat
 10244 | D        | Reached skill level 10 in Spellcasting
 10289 | D        | Killed an electric golem
 10537 | D        | Noticed an Orb Guardian
 10537 | D        | Noticed an Orb Guardian
 10537 | D        | Noticed an Orb Guardian
 10537 | D        | Noticed an Orb Guardian
 10537 | D        | Noticed an Orb Guardian
 10537 | D        | Noticed an Orb Guardian
 10541 | D        | Killed an Orb Guardian
 10545 | D        | Killed an Orb Guardian
 10554 | D        | Killed an Orb Guardian
 10562 | D        | Killed an Orb Guardian
 10571 | D        | Killed an Orb Guardian
 10571 | D        | Reached skill level 15 in Throwing
 10578 | D        | Killed an Orb Guardian
 10594 | D        | Noticed an Orb Guardian
 10595 | D        | Noticed an Orb Guardian
 10596 | D        | Noticed an Orb Guardian
 10605 | D        | Killed an Orb Guardian
 10605 | D        | Received a gift from Okawaru
 10606 | D        | Noticed an Orb Guardian
 10609 | D        | Killed an Orb Guardian
 10617 | D        | Killed an Orb Guardian
 10617 | D        | Received a gift from Okawaru
 10626 | D        | Killed an Orb Guardian
 10652 | D        | Noticed a tentacled monstrosity
 10652 | D        | Noticed an Orb Guardian
 10652 | D        | Noticed an Orb Guardian
 10657 | D        | Noticed an Orb Guardian
 10657 | D        | Killed a tentacled monstrosity
 10660 | D        | Noticed an Orb Guardian
 10668 | D        | Killed an Orb Guardian
 10668 | D        | Reached skill level 15 in Stealth
 10677 | D        | Killed an Orb Guardian
 10696 | D        | Killed an Orb Guardian
 10696 | D        | Reached skill level 15 in Evocations
 10696 | D        | Reached XP level 19. HP: 166/207 MP: 35/35
 10765 | D        | Noticed an ancient lich
 10776 | D        | Killed an ancient lich
 10778 | D        | Noticed an orb of fire
 10798 | D        | Gained mutation: You are dopey. (Int -2) [an orb of fire]
 10806 | D        | Killed an orb of fire
 11006 | D        | Noticed an electric golem
 11021 | D        | Killed an electric golem
 11021 | D        | Received a gift from Okawaru
 11026 | D        | Noticed an electric golem
 11026 | D        | Noticed a golden dragon
 11026 | D        | Noticed an ancient lich
 11032 | D        | Killed an electric golem
 11034 | D        | Noticed an orb of fire
 11051 | D        | Killed a golden dragon
 11053 | D        | Killed an ancient lich
 11055 | D        | Noticed a Killer Klown
 11085 | D        | Killed an orb of fire
 11086 | D        | Noticed an orb of fire
 11088 | D        | HP: 4/207 [Killer Klown (22)]
 11090 | D        | Noticed an ancient lich
 11100 | D        | Gained mutation: Your magical capacity is low. (-10% MP) [an orb of fire]
 11110 | D        | Gained mutation: You occasionally shout uncontrollably at your foes. [an orb of fire]
 11114 | D        | Killed from afar by an orb of fire

Skill      XL: |  1  2  3  4  5  6  7  8  9 10 11 12 13 14 15 16 17 18 19 |
---------------+----------------------------------------------------------+-----
Fighting       | 4 5 7 8 9 10 11 12 14 16 18 20 23 25 27 | 27.0
Armour         | 4 5 7 8 9 10 11 12 14 16 19 22 25 27 | 27.0
Shields        | 4 5 7 9 10 12 13 14 15 17 18 21 24 27 | 27.0
Long Blades    | 3 5 6 8 10 12 15 17 18 | 18.7
Dodging        | 1 2 3 4 5 6 13 18 20 | 20.6
Invocations    | 5 8 11 14 17 26 27 | 27.0
Throwing       | 11 16 18 | 18.6
Stealth        | 10 15 17 | 17.3
Unarmed Combat | 12 17 19 | 19.9
Spellcasting   | 8 12 13 | 13.4
Evocations     | 10 15 16 | 16.8

Action                   |  1- 3 |  4- 6 |  7- 9 | 10-12 | 13-15 | 16-18 | 19-21 || total
-------------------------+-------+-------+-------+-------+-------+-------+-------++-------
Melee: Long sword        |    39 |       |       |       |       |       |       ||    39
       Headbutt          |     8 |     7 |    24 |   103 |   305 |   276 |    26 ||   749
       Scimitar          |     6 |    20 |    76 |   324 |     5 |       |       ||   431
       Demon blade       |       |       |       |    51 |   610 |       |       ||   661
       Falchion          |       |       |       |       |   375 |    62 |       ||   437
       Double sword      |       |       |       |       |       |   409 |       ||   409
       Eudemon blade     |       |       |       |       |       |   445 |   132 ||   577
Invok: Heroism           |       |       |       |     1 |     1 |       |       ||     2
       Finesse           |       |       |       |       |     4 |     4 |     2 ||    10
  Use: Potion            |       |       |       |       |    13 |     4 |     8 ||    25
       Scroll            |       |       |       |       |     4 |    14 |       ||    18
  Eat: Ration            |       |       |       |     2 |     3 |     2 |       ||     7
       Chunk             |       |       |       |     1 |     8 |     3 |       ||    12
Armor: Scale mail        |    17 |       |       |       |       |       |       ||    17
       Plate armour      |       |     4 |     8 |       |       |       |       ||    12
       Crystal plate arm |       |       |     2 |   153 |   412 |   212 |    12 ||   791
Dodge: Dodged            |     9 |     3 |     9 |    51 |   191 |   117 |    13 ||   393
Block: Shield            |    28 |    12 |    23 |   159 |   574 |    69 |       ||   865
       Large shield      |       |       |       |       |       |   445 |    55 ||   500
       Rpst.: Long sword |     1 |       |       |       |       |       |       ||     1
       Scimitar          |       |       |     1 |    12 |       |       |       ||    13
       Demon blade       |       |       |       |       |    15 |       |       ||    15
       Falchion          |       |       |       |       |    14 |     2 |       ||    16
       Double sword      |       |       |       |       |       |     6 |       ||     6
       Eudemon blade     |       |       |       |       |       |    10 |     2 ||    12
